 Dungeon Sprint DCSS version 0.17-a0-1997-ga88ed7d (webtiles) character file.

11000000 Adamkad1 the Axe Maniac (level 27, -1/298 HPs)
             Began as a Deep Dwarf Gladiator on Oct 8, 2015.
             Was the Champion of Makhleb.
             Killed by the air
             ... invoked by a tyrant
              (66 damage)
             ... in the Dungeon (Sprint VIII: "Arena of Blood").
             The game lasted 00:06:16 (110 turns).

Adamkad1 the Axe Maniac (Deep Dwarf Gladiator)       Turns: 110, Time: 00:06:16

Health: -1/298     AC:  8    Str: 30    XL:     27
Magic:  39/54      EV: 28    Int: 11    God:    Makhleb [******]
Gold:   0          SH:  0    Dex: 13    Spells: 0 memorised, 80 levels left

rFire  . . .     SeeInvis .     m - +∞ Axe of Woe
rCold  . . .     Clarity  .     b - +0 leather armour
rNeg   + . .     SustAt   .     (no shield)
rPois  .         Gourm    .     c - +0 helmet
rElec  .         Spirit   .     (no cloak)
rCorr  .         Warding  .     (no gloves)
rMut   .         NoTele   +     (no boots)
MR     ++++.                    (no amulet)
Stlth  +++++++++.               (no ring)
                                (no ring)

@: non-regenerating, incredibly resistant to hostile enchantments, incredibly
stealthy
A: damage resistance, recharge devices, negative energy resistance 1, sense
surroundings 3, slow regeneration 3
a: Device Recharging, Minor Destruction, Lesser Servant of Makhleb, Major
Destruction, Greater Servant of Makhleb, Renounce Religion


You were in the Dungeon.
You worshipped Makhleb.
Makhleb was exalted by your worship.
You were not hungry.

You visited 1 branch

Inventory:

Hand Weapons
 a - a +0 war axe
 m - the +∞ Axe of Woe (weapon)
   (You found it in the Dungeon)
Missiles
 d - 3 throwing nets (quivered)
Armour
 b - a +0 leather armour (worn)
 c - a +0 helmet (worn)
Wands
 e - a wand of heal wounds (5)
Scrolls
 l - a scroll of blinking
Potions
 g - a potion of curing
 h - a potion of heal wounds
 i - a potion of haste
 j - 2 potions of magic
 k - a potion of berserk rage
Comestibles
 f - a bread ration


   Skills:
 O Level 27 Fighting
 O Level 27 Axes
 O Level 27 Throwing
 O Level 27 Armour
 O Level 27 Dodging
 O Level 27 Stealth
 O Level 27 Unarmed Combat
 O Level 27 Spellcasting
 O Level 27 Invocations
 O Level 27 Evocations


You had 80 spell levels left.
You didn't know any spells.

Dungeon Overview and Level Annotations

Branches:
Dungeon (1/1)

Altars:
Makhleb

Annotations:
D The Servant


Innate Abilities, Weirdness & Mutations

You are resistant to damage.
You can recharge devices by infusing magical energy.
You resist negative energy.
You passively map a large area around you.
You do not regenerate naturally.


Message History

You hear a shout! x2
The meat beast moves out of view.
You hear a shout!
The meat berserker rages.
You hear a shout!
The eight-headed meat hydra calls on the powers of darkness!
The eight-headed meat hydra convulses!
The scourge convulses!
The scourge hisses angrily.
The meat berserker convulses!
Your body is wracked with pain!
* * * LOW HITPOINT WARNING * * *
The Servant convulses!
The bag of meat convulses!
The eight-headed meat hydra convulses!
The bag of meat convulses!
The bag of meat convulses!
The bag of meat is engulfed in roaring flames.
You hear a shout!
The tyrant gestures wildly while chanting.
The tyrant seems to speed up.
The dread moves out of view.
The tyrant waves its bony arms in wide circles.
The air twists around and strikes you!
You die...

, , , , ,, , , , ,
,,, , ......, ,, ,
,, *, .. ,%.... * ,
, , #. ..%.#, , ,
,, , ,, #.. ,...#
..,,, * , ,.###..
...###@o. ,, ,,,
,...%.§###D%%..O..,
, , ,
.%.%.._..2.So.D. ,
, ,, , ., #...)@#
....,* , ,
...#§§§§§# ..C..
,,,
,,.....§§oo#oM....*
*,, , , , ,
.....§§§§o§..... ,
, ...O%.###)L......
, ,, , .###.L,
oL.###... , , ,,
,#.. ....# .., , ,
, #. .....# , , , *
,*,, ,, ,,...O.....
, , ,


You could see a meat beast, 3 tyrants, The Servant, 2 eight-headed meat hydras,
a scourge, 2 meat berserkers and 6 bags of meat.

Vanquished Creatures
  5 hell beasts (D)
  A greater mummy (D)
  5 wraiths (D)
  15 vampire knights (D)
  36 ogres (D)
  A lich (D)
  54 orcs (D)
  A phantom (D)
  11 hill giants (D)
  6 skeletal warriors (D)
  5 large abominations (D)
  5 small abominations (D)
  9 crawling corpses (D)
154 creatures vanquished.

Vanquished Creatures (others)
  3 orcs (D)
  A small abomination (D)
  6 crawling corpses (D)
10 creatures vanquished.

Grand Total: 164 creatures vanquished

Notes
Turn   | Place    | Note
--------------------------------------------------------------
     0 | D        | Adamkad1 the Deep Dwarf Gladiator began the quest for the Orb.
     0 | D        | Reached XP level 1. HP: 19/19 MP: 1/1
     3 | D        | Noticed a bag of meat
     3 | D        | Noticed a bag of meat
     4 | D        | Became a worshipper of Makhleb the Destroyer
     5 | D        | Noticed a bag of meat
     5 | D        | Noticed a meat berserker
     5 | D        | Killed a meat berserker
     5 | D        | Reached skill level 11 in Fighting
     5 | D        | Reached skill level 22 in Axes
     5 | D        | Reached XP level 2. HP: 23/44 MP: 2/2
     5 | D        | Reached XP level 3. HP: 26/51 MP: 3/3
     5 | D        | Reached XP level 4. HP: 30/60 MP: 4/4
     5 | D        | Reached XP level 5. HP: 33/66 MP: 5/5
     5 | D        | Reached XP level 6. HP: 37/74 MP: 6/6
     5 | D        | Reached XP level 7. HP: 40/81 MP: 7/7
     5 | D        | Reached XP level 8. HP: 44/90 MP: 8/8
     5 | D        | Gained mutation: You passively map the area around you. [Deep Dwarf growth]
     5 | D        | Reached XP level 9. HP: 47/97 MP: 9/9
     5 | D        | Reached XP level 10. HP: 50/104 MP: 10/10
     5 | D        | Reached XP level 11. HP: 53/111 MP: 11/11
     5 | D        | Reached XP level 12. HP: 57/120 MP: 12/12
     5 | D        | Reached XP level 13. HP: 60/127 MP: 13/13
     6 | D        | Killed a bag of meat
     6 | D        | Acquired Makhleb's first power
     6 | D        | Reached skill level 24 in Axes
     8 | D        | Killed a bag of meat
     8 | D        | Reached skill level 25 in Axes
     8 | D        | Gained mutation: You resist negative energy. [Deep Dwarf growth]
     8 | D        | Reached XP level 14. HP: 48/141 MP: 14/14
    10 | D        | Killed a bag of meat
    10 | D        | Acquired Makhleb's second power
    10 | D        | Reached skill level 26 in Axes
    13 | D        | Noticed a bag of meat
    13 | D        | Noticed a meat berserker
    14 | D        | Noticed a bag of meat
    15 | D        | Noticed a bag of meat
    15 | D        | Noticed a bag of meat
    15 | D        | Noticed a meat berserker
    16 | D        | Killed a meat berserker
    16 | D        | Reached skill level 27 in Axes
    16 | D        | Reached skill level 27 in Dodging
    16 | D        | Reached XP level 15. HP: 148/166 MP: 15/15
    18 | D        | Noticed a bag of meat
    19 | D        | Killed a bag of meat
    19 | D        | Acquired Makhleb's third power
    19 | D        | Killed a meat berserker
    19 | D        | Reached XP level 16. HP: 181/194 MP: 16/16
    21 | D        | Noticed a meat berserker
    21 | D        | Killed a bag of meat
    21 | D        | Killed a bag of meat
    21 | D        | Acquired Makhleb's fourth power
    21 | D        | Reached skill level 27 in Fighting
    21 | D        | Reached XP level 17. HP: 201/208 MP: 17/17
    23 | D        | Killed a bag of meat
    24 | D        | Noticed a large bag of meat
    25 | D        | Noticed a meat berserker
    25 | D        | Killed a bag of meat
    25 | D        | Acquired Makhleb's fifth power
    25 | D        | Killed a meat berserker
    25 | D        | Reached skill level 27 in Throwing
    25 | D        | Gained mutation: You passively map a large area around you. [Deep Dwarf growth]
    25 | D        | Reached XP level 18. HP: 218/218 MP: 18/18
    27 | D        | Noticed a meat berserker
    27 | D        | Killed a large bag of meat
    27 | D        | Reached skill level 5 in Unarmed Combat
    28 | D        | Noticed a large bag of meat
    28 | D        | Noticed a meat berserker
    28 | D        | Noticed a bag of meat
    28 | D        | Noticed a bag of meat
    28 | D        | Noticed a bag of meat
    28 | D        | Noticed a meat berserker
    28 | D        | Noticed a large bag of meat
    28 | D        | Noticed a large bag of meat
    29 | D        | Noticed a bag of meat
    29 | D        | Noticed a bag of meat
    29 | D        | Noticed a bag of meat
    30 | D        | Noticed a bag of meat
    31 | D        | Noticed a bag of meat
    31 | D        | Noticed a meat berserker
    31 | D        | Killed a meat berserker
    31 | D        | Killed a meat berserker
    31 | D        | Reached skill level 27 in Stealth
    31 | D        | Reached XP level 19. HP: 226/226 MP: 18/25
    32 | D        | Killed a meat berserker
    32 | D        | Reached skill level 5 in Spellcasting
    33 | D        | Noticed a bag of meat
    33 | D        | Killed a meat berserker
    33 | D        | Reached skill level 27 in Invocations
    34 | D        | Killed a large bag of meat
    34 | D        | Reached skill level 10 in Spellcasting
    34 | D        | Reached skill level 15 in Evocations
    34 | D        | Reached XP level 20. HP: 236/236 MP: 19/37
    34 | D        | Killed a meat berserker
    35 | D        | Noticed a destroyer
    35 | D        | Killed a bag of meat
    35 | D        | Reached skill level 15 in Unarmed Combat
    36 | D        | Noticed a bag of meat
    36 | D        | Noticed a meat berserker
    36 | D        | Noticed a meat berserker
    36 | D        | Killed a bag of meat
    36 | D        | Reached skill level 15 in Spellcasting
    37 | D        | Noticed a destroyer
    37 | D        | Killed a bag of meat
    37 | D        | Killed a bag of meat
    37 | D        | Reached XP level 21. HP: 244/244 MP: 19/42
    37 | D        | Killed a large bag of meat
    38 | D        | Noticed a bag of meat
    38 | D        | Noticed a meat berserker
    39 | D        | Noticed a bag of meat
    39 | D        | Killed a bag of meat
    39 | D        | Killed a bag of meat
    39 | D        | Killed a destroyer
    39 | D        | Reached skill level 27 in Evocations
    40 | D        | Noticed a bag of meat
    40 | D        | Noticed a meat berserker
    40 | D        | Noticed a meat berserker
    40 | D        | Killed a bag of meat
    41 | D        | Noticed a bag of meat
    41 | D        | Noticed a bag of meat
    42 | D        | Noticed a meat berserker
    42 | D        | Noticed a destroyer
    42 | D        | Noticed a destroyer
    42 | D        | Noticed a bag of meat
    42 | D        | Noticed a bag of meat
    42 | D        | Killed a meat berserker
    42 | D        | Reached skill level 27 in Armour
    42 | D        | Reached XP level 22. HP: 254/254 MP: 20/49
    42 | D        | Killed a bag of meat
    42 | D        | Killed a meat berserker
    42 | D        | Reached skill level 27 in Unarmed Combat
    42 | D        | Reached skill level 27 in Spellcasting
    43 | D        | Noticed a bag of meat
    43 | D        | Killed a meat berserker
    44 | D        | Noticed a destroyer
    44 | D        | Killed a bag of meat
    44 | D        | Reached XP level 23. HP: 262/262 MP: 21/54
    44 | D        | Killed a bag of meat
    45 | D        | Killed a meat berserker
    45 | D        | Killed a destroyer
    46 | D        | Noticed a meat berserker
    46 | D        | Noticed a bag of meat
    46 | D        | Noticed a destroyer
    46 | D        | Killed a bag of meat
    46 | D        | Killed a meat berserker
    46 | D        | Reached XP level 24. HP: 272/272 MP: 21/54
    46 | D        | Killed a bag of meat
    47 | D        | Noticed a bag of meat
    47 | D        | Killed a bag of meat
    47 | D        | Killed a meat berserker
    47 | D        | Killed a destroyer
    48 | D        | Noticed an accursed
    48 | D        | Noticed a meat berserker
    48 | D        | Killed a destroyer
    48 | D        | Reached XP level 25. HP: 276/280 MP: 22/54
    49 | D        | Noticed a destroyer
    49 | D        | Killed a bag of meat
    49 | D        | Killed a bag of meat
    49 | D        | Killed a meat berserker
    50 | D        | Noticed a bag of meat
    50 | D        | Noticed a meat berserker
    50 | D        | Noticed a sculptor of flesh
    50 | D        | Noticed a sculptor of flesh
    51 | D        | Noticed a bag of meat
    51 | D        | Noticed a destroyer
    51 | D        | Killed a bag of meat
    51 | D        | Killed a bag of meat
    51 | D        | Killed a bag of meat
    51 | D        | Reached XP level 26. HP: 243/290 MP: 23/54
    51 | D        | Killed a destroyer
    51 | D        | Killed a destroyer
    51 | D        | Killed a bag of meat
    52 | D        | Noticed a meat berserker
    52 | D        | Noticed a meat berserker
    53 | D        | Noticed a bag of meat
    53 | D        | Noticed a sculptor of flesh
    53 | D        | Killed a meat berserker
    53 | D        | Killed a bag of meat
    53 | D        | Killed a destroyer
    53 | D        | Reached XP level 27. HP: 298/298 MP: 23/54
    54 | D        | Killed a meat berserker
    55 | D        | Noticed a meat berserker
    55 | D        | Killed a meat berserker
    55 | D        | Killed a destroyer
    55 | D        | Killed a bag of meat
    56 | D        | Noticed a sculptor of flesh
    56 | D        | Noticed a destroyer
    57 | D        | Noticed a bag of meat
    57 | D        | Killed a meat berserker
    58 | D        | Killed a destroyer
    58 | D        | Killed a sculptor of flesh
    59 | D        | Noticed a large bag of meat
    59 | D        | Noticed a meat berserker
    59 | D        | Noticed a large bag of meat
    60 | D        | Noticed a destroyer
    61 | D        | Noticed a bag of meat
    61 | D        | Killed a meat berserker
    61 | D        | Killed a bag of meat
    61 | D        | Noticed a large bag of meat
    62 | D        | Noticed a destroyer
    62 | D        | Killed an accursed
    63 | D        | Noticed a meat berserker
    63 | D        | Noticed a dread
    63 | D        | Killed a meat berserker
    63 | D        | Killed a bag of meat
    64 | D        | Noticed a bag of meat
    64 | D        | Noticed a large bag of meat
    64 | D        | Killed a large bag of meat
    64 | D        | Killed a sculptor of flesh
    66 | D        | Noticed a dread
    66 | D        | Noticed a meat berserker
    67 | D        | Killed a meat berserker
    67 | D        | Killed a bag of meat
    67 | D        | Killed a bag of meat
    68 | D        | Noticed a bag of meat
    68 | D        | Noticed a bag of meat
    68 | D        | Noticed a meat berserker
    68 | D        | Killed a large bag of meat
    68 | D        | Killed a dread
    69 | D        | Noticed a sculptor of flesh
    69 | D        | Noticed a bag of meat
    69 | D        | Noticed a tyrant
    69 | D        | Noticed a bag of meat
    69 | D        | Noticed a meat berserker
    70 | D        | Noticed a bag of meat
    70 | D        | Killed a bag of meat
    70 | D        | Killed a large bag of meat
    71 | D        | Noticed a meat berserker
    71 | D        | Killed a meat berserker
    72 | D        | Noticed a bag of meat
    72 | D        | Noticed a bag of meat
    72 | D        | Noticed a bag of meat
    72 | D        | Noticed a bag of meat
    72 | D        | Noticed a dread
    72 | D        | Killed a destroyer
    72 | D        | Killed a bag of meat
    73 | D        | Noticed a bag of meat
    73 | D        | Noticed a bag of meat
    73 | D        | Killed a meat berserker
    74 | D        | Noticed a meat beast
    74 | D        | Noticed a dread
    74 | D        | Noticed a meat berserker
    74 | D        | Noticed a meat berserker
    74 | D        | Noticed a bag of meat
    74 | D        | Noticed a large bag of meat
    74 | D        | Noticed a bag of meat
    74 | D        | Noticed a large bag of meat
    74 | D        | Noticed a sculptor of flesh
    75 | D        | Noticed a meat berserker
    75 | D        | Noticed a destroyer
    75 | D        | Killed a bag of meat
    75 | D        | Killed a meat berserker
    75 | D        | Killed a large bag of meat
    75 | D        | Killed a dread
    75 | D        | Killed a dread
    76 | D        | Killed a meat berserker
    76 | D        | Killed a meat berserker
    76 | D        | Killed a bag of meat
    77 | D        | Noticed a bag of meat
    77 | D        | Noticed a bag of meat
    77 | D        | Noticed a bag of meat
    77 | D        | Noticed a meat beast
    77 | D        | Noticed a meat berserker
    78 | D        | Noticed an accursed
    78 | D        | Noticed a bag of meat
    78 | D        | Noticed a destroyer
    78 | D        | Killed a sculptor of flesh
    78 | D        | Killed a destroyer
    79 | D        | Noticed a bag of meat
    79 | D        | Noticed a dread
    79 | D        | Killed a bag of meat
    79 | D        | Killed a destroyer
    79 | D        | Killed a sculptor of flesh
    80 | D        | Noticed a destroyer
    80 | D        | Killed a meat beast
    80 | D        | Killed a meat beast
    80 | D        | Killed a meat berserker
    80 | D        | Noticed a meat beast
    80 | D        | Noticed a meat beast
    81 | D        | Noticed a bag of meat
    81 | D        | Noticed a large bag of meat
    81 | D        | Killed a bag of meat
    81 | D        | Killed a bag of meat
    81 | D        | Killed a bag of meat
    82 | D        | Noticed a bag of meat
    82 | D        | Killed a bag of meat
    82 | D        | Killed a destroyer
    82 | D        | Killed a meat berserker
    83 | D        | Killed a dread
    84 | D        | Killed a bag of meat
    84 | D        | Killed a meat beast
    85 | D        | Killed a meat beast
    85 | D        | Killed a bag of meat
    86 | D        | Killed a bag of meat
    86 | D        | Killed a meat berserker
    86 | D        | Killed a sculptor of flesh
    87 | D        | Killed a bag of meat
    88 | D        | Killed a bag of meat
    89 | D        | Noticed a meat berserker
    89 | D        | Killed a large bag of meat
    89 | D        | Killed a bag of meat
    89 | D        | Killed a large bag of meat
    89 | D        | Killed a bag of meat
    90 | D        | Noticed a bag of meat
    90 | D        | Killed a bag of meat
    90 | D        | Killed a bag of meat
    90 | D        | Killed a destroyer
    91 | D        | Killed a tyrant
    92 | D        | Noticed a large bag of meat
    92 | D        | Noticed a meat berserker
    93 | D        | Noticed a meat berserker
    93 | D        | Noticed a bag of meat
    93 | D        | Killed a large bag of meat
    93 | D        | Killed a wretched soul
    95 | D        | Killed a meat berserker
    95 | D        | Killed a dread
    95 | D        | Killed a sculptor of flesh
    96 | D        | Killed a bag of meat
    97 | D        | Noticed a bag of meat
    97 | D        | Noticed a bag of meat
    97 | D        | Noticed a bag of meat
    97 | D        | Killed a meat berserker
    98 | D        | Noticed a bag of meat
    98 | D        | Noticed a meat beast
    99 | D        | Noticed a meat berserker
    99 | D        | Noticed a destroyer
    99 | D        | Noticed a bag of meat
    99 | D        | Killed a bag of meat
    99 | D        | Killed a meat berserker
   101 | D        | Noticed a meat berserker
   101 | D        | Killed a meat beast
   103 | D        | Noticed a tyrant
   103 | D        | Killed a bag of meat
   103 | D        | Killed a bag of meat
   104 | D        | Noticed a tyrant
   104 | D        | Killed a bag of meat
   106 | D        | Killed a meat berserker
   107 | D        | Killed a meat berserker
   108 | D        | Killed a destroyer
   109 | D        | Noticed a bag of meat
   109 | D        | Killed a bag of meat
   109 | D        | Killed a large bag of meat
   110 | D        | Noticed a dread
   110 | D        | Noticed a tyrant
   110 | D        | Noticed a bag of meat
   110 | D        | Noticed a meat beast
   110 | D        | Noticed a meat berserker
   110 | D        | Noticed The Servant
   110 | D        | Killed from afar by a tyrant

Vault maps used:
D:        meatsprint

Action                   |  1- 3 |  4- 6 |  7- 9 | 10-12 | 13-15 | 16-18 | 19-21 | 22-24 | 25-27 || total
-------------------------+-------+-------+-------+-------+-------+-------+-------+-------+-------++-------
Melee: Executioner's axe |     1 |       |       |       |     5 |     5 |     9 |     6 |    46 ||    72
Invok: Greater Servant o |       |       |       |       |       |       |     2 |       |     3 ||     5
